 Dungeon Crawl Stone Soup version 0.31-a0-844-gdc52ec4e09 (webtiles) character file.

Game seed: 9131897675842219597

3207 Dittersdorf the Fighter (level 9, -4/59 HPs)
             Began as a Gargoyle Fighter on Sept 28, 2023.
             Was a Priest of Okawaru.
             Slain by a hornet (10 damage)
             ... on level 7 of the Dungeon.
             The game lasted 00:08:52 (5842 turns).

Dittersdorf the Fighter (Gargoyle Fighter)          Turns: 5842, Time: 00:08:53

Health: -4/59      AC: 30    Str: 23    XL:     9   Next: 97%
Magic:  9/9        EV:  6    Int: 16    God:    Okawaru [***...]
Gold:   1291       SH:  6    Dex:  9    Spells: 8/8 levels left

rFire   . . .        p - +6 mace of War {flame, rPois Will+ Int+6}
rCold   . . .        c - +1 buckler
rNeg    + . .        o - +0 plate armour
rPois   ∞            x - +0 helmet
rElec   +            C - +0 cloak
rCorr   .            (no gloves)
SInv    .            (no boots)
Will    +....        y - amulet of the acrobat Stlth
                     s - +4 ring of protection
HPRegen 0.29/turn    A - +4 ring of protection
MPRegen 0.11/turn

%: acrobat
@: no status effects
A: sickness immunity, AC +6, negative energy resistance 1, electricity
resistance, torment resistance 1, petrification resistance
a: Renounce Religion, Heroism


You were on level 7 of the Dungeon.
You worshipped Okawaru.
Okawaru was most pleased with you.
You visited 2 branches of the dungeon, and saw 8 of its levels.

You collected 1291 gold pieces.

Inventory:

Hand Weapons
 p - the +6 mace of War (weapon) {flame, rPois Will+ Int+6}
   (You found it on level 2 of the Dungeon)

   Int+6:     It affects your intelligence (+6).
   rPois:     It protects you from poison Will+: It increases your willpower.
 F - a +2 heavy flail
Missiles
 a - a curare-tipped dart (quivered)
 B - a throwing net
Armour
 c - a +1 buckler (worn)
 o - a +0 plate armour (worn)
 x - a +0 helmet (worn)
 C - a +0 cloak (worn)
Jewellery
 h - a ring of willpower
 s - a +4 ring of protection (left hand)
 u - a ring of wizardry
 y - an amulet of the acrobat (around neck)
 A - a +4 ring of protection (right hand)
Wands
 D - a wand of flame (12)
Scrolls
 j - 3 scrolls of enchant armour
 l - a scroll of blinking
 m - 2 scrolls of brand weapon
Potions
 d - 2 potions of might
 e - a potion of invisibility
 f - 2 potions of cancellation
 g - a potion of mutation
 i - a potion of ambrosia
 t - 4 potions of curing
 v - 3 potions of heal wounds
 w - 2 potions of berserk rage
 z - 2 potions of magic


   Skills:
 + Level 8.2 Fighting
 + Level 7.1 Maces & Flails
 + Level 8.2 Armour
 + Level 8.2 Shields


You had 8 spell levels left.
You didn't know any spells.
Your spell library contained the following spells:

 Spells                   Type           Power      Damage    Failure   Level
 Magic Dart               Conj           0%         1d3       99%         1
 Necrotise                Necr           0%         1d4       99%         1
 Mephitic Cloud           Conj/Pois/Air  0%         N/A       100%        3
 Vampiric Draining        Necr           0%         2d6       100%        3
 Agony                    Necr           0%         N/A       100%        5
 Call Imp                 Summ           Unusable   N/A       N/A         2

Dungeon Overview and Level Annotations

Branches:
Dungeon (7/15)             Temple (1/1) D:5

Altars:
Ashenzari
Cheibriados
Dithmenos
Elyvilon
Fedhas
Gozag
Hepliaklqana
Kikubaaqudgha
Makhleb
Nemelex Xobeh
Okawaru
Qazlal
Sif Muna
Trog
Vehumet
Wu Jian
Xom
Yredelemnul
Zin
The Shining One

Shops:
D:1 (   D:3 ?   D:5 (   D:6 *


Innate Abilities, Weirdness & Mutations

You are immune to sickness and miasma.
Your stone body is resilient. (AC +6)
You are immune to poison.
You resist negative energy. (rN+)
You are resistant to electric shocks. (rElec)
You are resistant to unholy torment.
You are immune to petrification.


Message History

b - a scroll labelled ZEUQIU LAGELL This is a scroll of acquirement!
Something appears at your feet!
You now have 1291 gold pieces (gained 922).
You hear the slow hiss of a very distant avalanche of sand.
There is a stone staircase leading down here.
The shadow imp shouts!
You hear an angry buzzing noise.
The shadow imp gestures at you. Pain shoots through your body!
You block the shadow imp's attack.
You hit the shadow imp but do no damage.
An ice beast comes into view.
The shadow imp hits you.
You sock the shadow imp! You burn the shadow imp.
You kill the shadow imp!
Okawaru accepts your kill. The hornet barely misses you.
You barely miss the hornet. The hornet closely misses you.
You miss the hornet.
The hornet stings you but does no damage.
The hornet stings you!
You sock the hornet! You burn the hornet.
The hornet is moderately wounded.
The hornet stings you but does no damage.
A sky beast comes into view.
You barely miss the hornet.
The hornet is moderately wounded.
You block the hornet's attack. x2; The sky beast flickers out of sight!
Deactivating autopickup; reactivate with Ctrl-A.
The ice beast hits you but does no damage.
You hit the hornet. You burn the hornet.
The hornet is heavily wounded.
The hornet stings you but does no damage.
The ice beast hits you. The ice beast freezes you!
* * * LOW HITPOINT WARNING * * *
The hornet barely misses you.
You hit the ice beast.
You melt the ice beast.
The ice beast is moderately wounded.
The hornet stings you!
You die...

###### #....# #....#
######## #....# ..#....#
####....#### ..#....#
#..........#
.......#####..........#
..#..>...........<....#
..#....#####....@y....#
###....# #.......Y....###
###....# #.#....[.......#
.##....###.#..........#..#
...........######..†).# .
..#...##..##### #..#.#.#
#.............###...##.#
###.#.##.......##.### .
#...##.###........##


You could see a hornet and an ice beast.

Vanquished Creatures
  A troll (D:7)
  Grinder (D:5)
  Prince Ribbit (D:5)
  Edmund (D:5)
  A water moccasin (D:7)
  A sky beast (D:7)
  2 black bears
  An ice beast (D:7)
  2 ogres (D:6)
  A centaur (D:7)
  2 phantoms
  A kobold brigand (D:6)
  A bullfrog (D:6)
  7 scorpions
  4 wights
  6 killer bees
  2 orc priests
  A sleepcap (D:5)
  4 hounds
  3 jellies
  Jessica (D:2)
  3 iguanas
  2 orc wizards
  A mummy (D:6)
  4 adders
  A shadow imp (D:7)
  2 white imps
  A worm (D:2)
  A dart slug (D:4)
  18 orcs
  7 endoplasms
  2 giant cockroaches (D:4)
  6 goblins
  11 hobgoblins
  2 jackals (D:3)
  6 kobolds
  6 quokkas
  3 ball pythons (D:4)
  4 bats (D:1)
  3 frilled lizards
  7 rats
134 creatures vanquished.

Notes
Turn   | Place    | Note
-------+----------+-------------------------------------------
     0 | D:1      | Dittersdorf the Gargoyle Fighter began the quest for the
                  | Orb.
     0 | D:1      | Reached XP level 1. HP: 14/14 MP: 1/1
    19 | D:1      | Found Xept's Antique Weapon Shoppe.
    76 | D:1      | Reached XP level 2. HP: 17/19 MP: 2/2
   407 | D:1      | Reached XP level 3. HP: 23/23 MP: 3/3
   612 | D:1      | Found a faded altar of an unknown god.
   725 | D:2      | Noticed Jessica
   734 | D:2      | Killed Jessica
   850 | D:2      | Reached XP level 4. HP: 27/29 MP: 4/4
   914 | D:2      | Identified the +6 mace of War {flame, rPois Will+ Int+6}
  1540 | D:3      | Reached XP level 5. HP: 25/33 MP: 5/5
  1583 | D:3      | Found Gokokiq's Magic Scroll Boutique.
  1619 | D:3      | Found a white marble altar of Elyvilon.
  1968 | D:3      | Found a basalt altar of Yredelemnul.
  2370 | D:4      | Noticed a black bear
  2381 | D:4      | Killed a black bear
  2382 | D:4      | Reached XP level 6. HP: 28/39 MP: 6/6
  2483 | D:4      | Reached skill level 5 in Fighting
  2483 | D:4      | Reached skill level 5 in Armour
  2483 | D:4      | Reached skill level 5 in Shields
  2483 | D:4      | Reached XP level 7. HP: 18/44 MP: 7/7
  2832 | D:5      | Entered Level 5 of the Dungeon
  2894 | D:5      | Noticed Grinder
  2903 | D:5      | Killed Grinder
  2904 | D:5      | Reached XP level 8. HP: 41/51 MP: 8/8
  3056 | D:5      | Found Zoodeuvo's Weapon Emporium.
  3164 | D:5      | Found a staircase to the Ecumenical Temple.
  3175 | Temple   | Entered the Ecumenical Temple
  3201 | Temple   | Became a worshipper of Warmaster Okawaru
  3231 | D:5      | Noticed Prince Ribbit
  3254 | D:5      | Killed Prince Ribbit
  3255 | D:5      | Reached skill level 5 in Maces & Flails
  3302 | D:5      | Reached * piety under Okawaru
  3337 | D:5      | Noticed Edmund
  3351 | D:5      | Killed Edmund
  4021 | D:6      | Reached XP level 9. HP: 53/56 MP: 9/9
  4051 | D:6      | Found a shimmering blue altar of Sif Muna.
  4101 | D:6      | Reached ** piety under Okawaru
  4305 | D:6      | Found a snail-covered altar of Cheibriados.
  4326 | D:6      | Found a bloodstained altar of Trog.
  4466 | D:6      | Found Pissicik's Overcharged Wands.
  5499 | D:6      | Found a glowing golden altar of the Shining One.
  5717 | D:7      | Noticed a hornet
  5790 | D:7      | Noticed a troll
  5801 | D:7      | Killed a troll
  5801 | D:7      | Reached *** piety under Okawaru
  5813 | D:7      | Identified a scroll of acquirement
  5813 | D:7      | Acquired 922 gold pieces
  5842 | D:7      | Slain by a hornet

Illustrated notes

Levels and vault maps discovered:
D:1:      ebering_hopf_link, layout_basic, serial_shops, shop,
          basic_ecumenical_altar
D:2:      layout_loops_cross, uniq_jessica
D:3:      layout_basic, amcnicky_altar_gilded, elyvilon_altar_5, serial_shops,
          shop
D:4:      layout_rooms, grunt_decor_one_mirror, corexii_shack
D:5:      layout_gridville, minmay_temple_entry_hall, serial_shops,
          nicolae_shop_trees, uniq_prince_ribbit1, uniq_edmund, uniq_grinder
D:6:      layout_loops_ring, mainiacjoe_overflow_boulevard, slow_altar_1,
          mainiacjoe_overflow_small_starburst, nicolae_tso_carved_into_rock,
          nicolae_shop_overcharged_wands
D:7:      layout_rooms, lightli_ossuary_entry_decrepit_ruins,
          minmay_manual_monstrance, uniq_jeremiah, uniq_crazy_yiuf_cottage
Temple:   nicolae_temple_superstar

Skill      XL: |  1  2  3  4  5  6  7  8  9 |
---------------+----------------------------+-----
Shields        | 4 5 6 8 |  8.2
Armour         | 4 5 6 8 |  8.2
Fighting       | 4 5 6 8 |  8.2
Maces & Flails | 3 4 5 7 |  7.1

Action                     |  1- 3 |  4- 6 |  7- 9 || total
---------------------------+-------+-------+-------++-------
  Melee: Flail             |    72 |    15 |       ||    87
         Mace              |       |    82 |   252 ||   334
  Throw: Dart              |       |       |     1 ||     1
    Use: Scroll            |       |       |    19 ||    19
 Armour: Scale mail        |    49 |    83 |   112 ||   244
         Plate armour      |       |       |   130 ||   130
  Dodge: Dodged            |    44 |    65 |   138 ||   247
  Block: Buckler           |    15 |    28 |    86 ||   129

Table legend: (Time is in decaauts)
 A = Elapsed time spent in this place.
 B = Non-inter-level travel time spent in this place.
 C = Inter-level travel time spent in this place.
 D = Time resting spent in this place.
 E = Time spent auto-exploring this place.
 F = Levels seen in this place.
 G = Mean time per level.
                   A        B        C        D        E       F      G
               +--------+--------+--------+--------+--------+-----+--------+
         Total |   5928 |   5630 |    298 |   1005 |   3520 |   8 |  741.0 |
       Dungeon |   5875 |   5627 |    248 |   1005 |   3520 |   7 |  839.3 |
        Temple |     52 |      2 |     50 |      0 |      0 |   1 |   52.0 |
               +--------+--------+--------+--------+--------+-----+--------+

Top non-repeatable levels by time:
     D:6: 1874 daAuts
     D:5: 929 daAuts
     D:2: 795 daAuts
     D:1: 762 daAuts
     D:3: 746 daAuts
     D:4: 614 daAuts
     D:7: 153 daAuts
  Temple: 52 daAuts
